Map: Heavy Artillery LE

Players

BelgianBull

  • Race: Terran Terran
  • League: Platinum
  • Spawn Location: 3:00

Storstark

  • Race: Zerg Zerg
  • Spawn Location: 1:00

qqq

  • Race: Zerg Zerg
  • Spawn Location: 7:00

Massa

  • Race: Terran Terran
  • League: Platinum
  • Spawn Location: 7:00

VOD

Have the link to the VOD?

Description

Time

  • Played on: Nov. 16, 2020, 2:01 p.m.
  • Length: 17:01
Show
View Real Time Build Order
Export as new Build Order

BelgianBull Terran 

Build Orders:  

Get SALT Encoding   

  12  0:00  SCV  
  13  0:12  SCV  
  14  0:18  Supply Depot  
  14  0:24  SCV  
  15  0:40  SCV  
  15  0:41  Barracks  
  16  0:52  Refinery, SCV  
  17  1:04  SCV  
  18  1:17  SCV  
  19  1:31  Orbital Command  
  19  1:32  Marine  
  19  1:46  Command Center  
  19  1:50  Marine  
  20  1:59  Supply Depot  
  20  2:05  SCV  
  20  2:08  Marine  
  22  2:16  Factory  
  22  2:19  SCV  
  23  2:26  Refinery  
  23  2:31  SCV, Marine  
  24  2:44  SCV  
  26  2:53  Barracks Reactor  
  26  2:58  SCV  
  26  2:59  Orbital Command  
  26  3:01  Starport  
  26  3:07  Factory Tech Lab  
  26  3:10  SCV  
  27  3:16  Barracks  
  27  3:22  SCV  
  28  3:33  Marine x2, Siege Tank  
  30  3:50  SCV x2  
  32  4:07  Marine x3  
  32  4:08  Siege Tank  
  31  4:34  Marine x2  
  31  4:58  Marine x2  
  33  5:00  Barracks Tech Lab  
  33  5:01  Starport Reactor  
  33  5:03  SCV x2  
  35  5:15  SCV x2  
  35  5:18  Supply Depot  
  35  5:20  Stimpack  
  37  5:21  Marine x2  
  37  5:22  Barracks, Marauder  
  37  5:23  Barracks, Siege Tank  
  37  5:27  SCV x2  
  46  5:31  Engineering Bay  
  46  5:33  Engineering Bay  
  46  5:39  SCV x2  
  46  5:42  Marine x2  
  49  5:43  Medivac, Viking  
  49  5:46  Supply Depot  
  54  6:00  Marine  
  54  6:01  Siege Tank  
  54  6:02  Marine x2  
  60  6:17  Viking  
  60  6:18  Marauder  
  60  6:36  Marine x2  
  60  6:37  Siege Tank  
  65  6:53  Marine  
  65  6:54  Marine  
  65  6:55  Viking  
  65  7:00  Marine  
  66  7:07  Refinery x2  
  66  7:08  SCV x2  
  68  7:12  Marauder  
  70  7:21  Barracks Tech Lab  
  70  7:25  Supply Depot  
  70  7:27  Marine x2, Supply Depot  
  70  7:28  SCV  
  73  7:30  SCV  
  73  7:31  Supply Depot  
  73  7:33  Terran Infantry Weapons Level 1  
  74  7:41  SCV  
  74  7:42  Barracks Reactor, SCV  
  76  7:46  Terran Infantry Armor Level 1  
  76  7:47  Marine x2  
  76  7:48  Marauder  
  80  7:53  SCV  
  80  7:54  SCV, Combat Shield  
  82  8:00  Missile Turret  
  82  8:01  Missile Turret  
  82  8:03  Missile Turret  
  82  8:05  Missile Turret  
  82  8:06  SCV x2  
  82  8:11  Supply Depot  
  84  8:15  Marine x2  
  84  8:16  Marine  
  84  8:18  SCV, Marauder, Siege Tank  
  84  8:19  SCV  
  94  8:41  Missile Turret  
  91  8:42  Missile Turret  
  87  9:00  Marine x3  
  87  9:01  Marauder x2  
  87  9:02  Medivac, Missile Turret, Viking, Siege Tank  
  101  9:09  SCV  
  103  9:10  SCV  
  103  9:22  SCV  
  104  9:30  SCV  
  105  9:32  Viking  
  105  9:34  SCV  
  105  9:37  Armory  
  108  9:41  Command Center  
  108  9:43  SCV  
  108  9:46  SCV  
  108  10:03  Command Center  
  108  10:06  Marine x4  
  112  10:07  Marauder  
  112  10:08  Marauder, Viking  
  118  10:19  Medivac  
  118  10:24  Marine  
  118  10:45  Starport  
  118  10:46  Terran Vehicle And Ship Armor Level 1  
  118  11:00  Missile Turret  
  118  11:01  Missile Turret x2  
  118  11:13  SCV x2, Marauder x2, Marine x3, Viking, Siege Tank  
  118  11:14  Marine  
  133  11:22  Starport  
  133  11:24  Starport Reactor  
  133  11:30  Missile Turret  
  133  11:34  Planetary Fortress  
  133  11:52  Missile Turret  
  133  11:54  Command Center  
  133  12:13  Missile Turret  
  133  12:41  Starport Reactor  
  133  12:44  Starport  
  133  12:46  Armory  
  133  13:05  SCV, Marauder, Marine x5, Medivac x2, Siege Tank  
  148  13:07  Refinery  
  148  13:09  Refinery  
  148  13:14  Planetary Fortress  
  148  13:20  Factory  
  148  13:27  Marine  
  148  13:28  SCV x2, Marauder x2, Viking x3  
  148  13:31  Supply Depot  
  161  13:34  Supply Depot  
  161  13:35  Medivac  
  161  13:37  Marine  
  164  13:53  SCV x2, Marine x3  
  154  14:35  Marine x5  
  154  14:36  Marine  
  154  14:37  Medivac x2, Viking x3, Siege Tank  
  154  14:38  Viking  
  174  14:47  Factory Reactor  
  172  14:54  Marauder x2  
  175  15:05  Marine x2  
  175  15:06  Marine x2  
  179  15:15  Marine  
  179  15:17  Marauder  
  178  15:23  Marine x2  
  178  15:24  Marine x2  
  178  15:27  Widow Mine x2, Medivac, Viking  
  180  15:31  Viking  
  180  15:35  Viking  
  179  15:37  Marauder, Siege Tank  
  175  15:52  Marine x2  
  175  15:53  Marauder, Marine x2  
  175  15:55  Widow Mine x2  
  176  15:59  Marauder  
  170  16:15  Marauder  
  152  16:37  Marine  
  152  16:38  Marine x4  
  152  16:39  Marauder  
Show
View Real Time Build Order
Export as new Build Order

Storstark Zerg 

Build Orders: Pool First 

Get SALT Encoding   

  12  0:17  Spawning Pool  
  11  0:22  Drone  
  11  0:27  Drone  
  13  0:32  Drone  
  14  0:41  Overlord  
  16  1:04  Zergling x4  
  16  1:06  Zergling x2  
  17  1:24  Drone  
  18  1:32  Extractor, Zergling x2  
  19  1:49  Hatchery, Zergling x2  
  19  1:50  Zergling x2  
  20  1:59  Zergling x2  
  21  2:08  Hatchery  
  21  2:11  Zergling x2  
  21  2:21  Drone  
  21  2:31  Spine Crawler  
  21  2:34  Drone  
  18  2:51  Drone  
  18  2:52  Drone  
  20  3:02  Drone  
  20  3:03  Drone  
  22  3:13  Drone  
  22  3:14  Drone  
  22  3:16  Extractor  
  20  3:31  Drone x3  
  22  3:34  Drone, Spine Crawler  
  22  3:35  Drone  
  22  3:38  Drone, Spine Crawler  
  23  3:43  Drone  
  23  3:44  Drone  
  23  3:47  Drone  
  26  4:00  Drone x3  
  29  4:03  Drone  
  29  4:11  Drone  
  29  4:12  Drone  
  30  4:19  Drone x3  
  32  4:25  Zergling x2  
  32  4:27  Zergling x2  
  33  4:52  Drone  
  34  4:54  Overlord x2  
  34  4:55  Overlord  
  34  4:56  Overlord  
  34  4:59  Metabolic Boost  
  34  5:02  Lair  
  34  5:13  Overlord  
  34  5:15  Hatchery  
  34  5:16  Drone  
  34  5:17  Drone x3  
  34  5:19  Extractor, Drone  
  37  5:21  Drone  
  38  5:35  Drone  
  38  5:36  Drone x4  
  38  5:40  Drone  
  38  5:41  Extractor, Drone  
  38  5:42  Extractor, Drone  
  43  5:56  Drone x3  
  46  5:57  Roach Warren  
  45  6:09  Zergling x2  
  45  6:10  Zergling x4  
  42  6:14  Zergling x6  
  44  6:21  Queen x3  
  44  6:22  Infestation Pit  
  43  6:55  Nydus Network  
  43  7:01  Swarm Host  
  54  7:09  Drone  
  54  7:10  Drone x7  
  54  7:13  Drone x3  
  65  7:19  Drone, Extractor  
  71  7:32  Nydus Canal  
  71  7:46  Drone x8  
  79  7:55  Overlord x6  
  79  7:56  Overlord  
  79  8:12  Swarm Host x2  
  79  8:13  Overlord x2  
  79  8:16  Spore Crawler  
  79  8:17  Spore Crawler  
  79  8:19  Spore Crawler  
  85  8:20  Spore Crawler x2  
  85  8:23  Spore Crawler  
  85  8:25  Spore Crawler  
  85  8:26  Spore Crawler  
  80  8:27  Drone x2  
  80  8:28  Spore Crawler  
  80  8:31  Nydus Canal  
  80  8:34  Drone  
  82  8:35  Extractor  
  82  8:37  Extractor  
  78  9:06  Drone  
  78  9:07  Drone x15  
  94  9:10  Pathogen Glands  
  94  9:13  Glial Reconstitution  
  94  9:18  Drone  
  94  9:19  Drone, Evolution Chamber  
  94  9:20  Drone, Evolution Chamber  
  94  9:22  Drone  
  96  9:48  Zerg Missile Weapons Level 1, Zerg Ground Armor Level 1  
  96  9:49  Hydralisk Den  
  96  9:50  Infestor x2  
  96  9:51  Infestor x3  
  105  9:54  Burrow  
  105  10:20  Nydus Canal  
  103  10:57  Infestor x2  
  103  11:03  Grooved Spines  
  107  11:05  Infestor  
  107  11:06  Hydralisk x6  
  107  11:07  Hydralisk x3  
  107  11:08  Overlord x4  
  107  11:09  Overlord x3  
  127  11:24  Spore Crawler  
  126  11:26  Spore Crawler  
  126  11:32  Nydus Canal  
  125  11:38  Nydus Network  
  124  12:00  Nydus Canal  
  124  12:01  Hatchery  
  124  12:04  Hydralisk x3  
  124  12:05  Hydralisk x10  
  149  12:14  Muscular Augments  
  149  12:36  Nydus Canal  
  149  12:51  Nydus Canal  
  149  13:03  Nydus Canal  
  149  13:12  Hydralisk  
  149  13:13  Hydralisk x17  
  157  13:45  Nydus Canal  
  131  14:03  Infestor x4  
  139  14:13  Nydus Canal  
  139  14:18  Nydus Canal  
  139  14:20  Drone x14  
  139  14:21  Drone x4, Queen  
  159  14:25  Hydralisk x2  
  159  14:27  Zerg Missile Weapons Level 2  
  161  15:03  Infestor  
  161  15:04  Infestor x5  
  157  15:08  Nydus Canal, Hydralisk  
  157  15:09  Hydralisk x13  
  157  15:11  Spore Crawler  
  157  15:12  Spore Crawler  
  179  15:14  Hydralisk  
  179  15:15  Hydralisk  
  179  15:16  Spore Crawler  
  182  15:24  Hive  
  168  16:06  Swarm Host x7  
  187  16:55  Nydus Canal  
Show
View Real Time Build Order
Export as new Build Order

qqq Zerg 

Build Orders: Hatch First, Muta Ling Bane 

Get SALT Encoding   

  12  0:00  Drone  
  13  0:09  Drone  
  14  0:38  Hatchery  
  13  0:42  Overlord  
  13  0:47  Drone  
  14  1:02  Drone  
  14  1:04  Extractor  
  14  1:14  Spawning Pool  
  14  1:15  Drone  
  14  1:22  Drone  
  15  1:30  Extractor  
  14  1:35  Drone x2  
  16  1:42  Drone  
  19  2:01  Zergling x4  
  19  2:02  Zergling x2  
  19  2:03  Zergling x2  
  19  2:05  Spine Crawler  
  20  2:10  Zergling x2  
  21  2:16  Metabolic Boost  
  21  2:19  Drone  
  21  2:33  Drone, Zergling x4  
  24  2:40  Drone  
  25  2:46  Zergling x2  
  25  2:47  Overlord  
  26  2:57  Drone  
  26  2:58  Zergling x2  
  27  3:10  Baneling Nest  
  27  3:11  Drone  
  27  3:26  Drone, Zergling x4  
  27  3:27  Drone x2  
  28  3:38  Queen  
  28  3:40  Queen  
  32  3:41  Drone  
  32  3:43  Zergling x2  
  33  4:00  Zergling x4  
  33  4:01  Drone  
  34  4:32  Zergling x4  
  34  4:33  Overlord x3  
  33  4:53  Zergling x4  
  33  4:54  Drone  
  33  4:55  Lair  
  36  5:07  Drone x2  
  36  5:08  Drone x2  
  36  5:09  Hatchery  
  39  5:16  Drone  
  39  5:17  Drone, Zergling x2  
  39  5:18  Drone x2  
  39  5:19  Zergling x2  
  39  5:20  Baneling x2  
  45  5:25  Hatchery  
  44  5:30  Zergling x2  
  45  5:36  Zergling x2  
  46  5:57  Zergling x2  
  46  5:58  Zergling x4  
  46  5:59  Drone  
  46  6:00  Zergling x4  
  45  6:15  Zergling x2  
  45  6:16  Drone x2  
  47  6:22  Spire  
  47  6:24  Drone x3, Zergling x2  
  47  6:25  Zergling x2  
  50  6:27  Extractor  
  50  6:28  Extractor  
  50  6:31  Drone  
  50  6:32  Drone, Extractor  
  49  6:34  Drone  
  49  6:35  Drone  
  50  6:54  Baneling x3  
  50  6:58  Drone  
  50  6:59  Drone, Overlord x2  
  53  7:01  Drone x4  
  53  7:02  Drone x5  
  61  7:14  Queen  
  61  7:15  Drone  
  64  7:16  Overlord  
  64  7:17  Overlord  
  64  7:24  Drone x3  
  64  7:25  Drone x3  
  64  7:26  Queen  
  72  7:33  Mutalisk x2  
  72  7:35  Mutalisk x3, Zerg Flyer Weapons Level 1  
  82  7:40  Drone x3  
  85  7:44  Drone  
  85  7:45  Overlord, Infestation Pit  
  85  7:46  Drone, Overlord  
  86  8:02  Drone x3  
  86  8:03  Drone x4, Mutalisk x2  
  97  8:09  Drone x2  
  99  8:13  Queen  
  99  8:16  Drone  
  102  8:25  Drone  
  102  8:26  Drone x2, Mutalisk x3  
  109  8:30  Extractor  
  109  8:31  Extractor  
  101  8:57  Mutalisk x3  
  101  9:00  Drone x4, Overlord x2  
  101  9:01  Overlord x2  
  104  9:20  Mutalisk x2  
  104  9:22  Drone x3  
  111  9:24  Hive  
  111  9:35  Hatchery  
  110  9:51  Drone x5  
  110  9:52  Drone  
  116  9:59  Centrifical Hooks  
  116  10:08  Mutalisk  
  116  10:09  Mutalisk x2  
  116  10:10  Drone x2  
  124  10:16  Hatchery  
  123  10:28  Drone  
  123  10:29  Drone x2  
  123  10:31  Mutalisk x3  
  132  10:35  Hatchery  
  131  10:44  Mutalisk x2  
  131  10:45  Mutalisk  
  131  10:46  Drone  
  131  10:47  Drone  
  133  10:59  Mutalisk x2  
  133  11:01  Drone x3  
  128  11:22  Mutalisk  
  128  11:23  Mutalisk x3  
  128  11:24  Drone x4  
  138  11:30  Drone  
  139  11:34  Extractor  
  139  11:35  Extractor  
  139  11:37  Evolution Chamber  
  139  11:38  Evolution Chamber  
  135  11:40  Greater Spire, Corruptor x4  
  143  11:53  Drone x7  
  143  11:54  Drone  
  151  12:12  Extractor x2, Drone x2  
  151  12:13  Drone x3  
  154  12:16  Spine Crawler  
  154  12:20  Drone x3  
  142  12:35  Lair  
  141  12:59  Corruptor  
  141  13:03  Drone  
  144  13:12  Overlord x5  
  144  13:13  Overlord  
  136  13:28  Hatchery  
  132  13:54  Spire  
  131  13:57  Lair  
  121  14:33  Drone x3  
  121  14:35  Zergling x4  
  121  14:36  Zergling x8  
  122  15:02  Drone  
  122  15:03  Drone  
  124  15:12  Hatchery  
  123  15:24  Hive  
  123  15:29  Zergling x12  
  123  15:31  Corruptor x3  
  135  15:41  Hatchery  
  115  15:56  Hatchery  
  110  16:04  Hatchery  
  95  16:20  Corruptor x3  
  95  16:21  Drone x3  
  92  16:50  Spire  
Show
View Real Time Build Order
Export as new Build Order

Massa Terran 

Build Orders: Gas First Reaper Expand 

Get SALT Encoding   

  12  0:00  SCV  
  13  0:12  SCV  
  14  0:23  Supply Depot  
  14  0:25  SCV  
  15  0:35  Refinery  
  15  0:45  SCV, Barracks  
  16  0:57  SCV  
  17  1:09  SCV  
  18  1:21  SCV  
  19  1:33  SCV  
  20  1:45  SCV  
  21  1:48  Supply Depot  
  21  1:50  Supply Depot  
  21  1:52  Supply Depot  
  21  1:54  Supply Depot  
  19  2:07  SCV  
  19  2:14  Reaper  
  18  2:19  SCV  
  18  2:35  Orbital Command  
  18  2:46  Reaper  
  19  2:53  Factory  
  19  3:01  SCV  
  20  3:07  Barracks  
  19  3:18  Marine  
  20  3:39  Command Center  
  20  3:41  Factory Tech Lab  
  20  3:49  Barracks Reactor  
  20  4:07  SCV  
  20  4:19  Barracks Tech Lab, SCV  
  20  4:20  Siege Tank  
  24  4:27  Marine x2  
  24  4:30  Supply Depot  
  26  4:32  Engineering Bay  
  26  4:35  Starport  
  26  4:39  SCV  
  26  4:41  Marine  
  26  4:45  Marine x2  
  30  4:51  SCV  
  30  4:52  Stimpack  
  31  4:59  Marine  
  32  5:03  SCV, Marine x2  
  35  5:17  Marauder  
  35  5:19  Orbital Command  
  35  5:20  Marine  
  35  5:21  Marine  
  39  5:23  Refinery  
  39  5:38  Marine  
  39  5:39  Marauder  
  42  5:56  Marine x2  
  44  6:00  Marauder  
  46  6:13  Marine  
  46  6:19  Marine  
  46  6:21  Marauder  
  46  6:23  SCV x2  
  51  6:31  Marine  
  51  6:32  Medivac  
  54  6:35  SCV x2  
  56  6:41  Missile Turret  
  56  6:43  Marauder  
  56  6:44  Missile Turret  
  54  6:47  SCV x2  
  54  6:52  Marine x2  
  57  6:59  SCV  
  56  7:02  Medivac  
  56  7:04  Marauder  
  60  7:08  SCV  
  60  7:10  Marine x2  
  60  7:11  SCV  
  64  7:19  Combat Shield  
  64  7:20  SCV  
  65  7:23  SCV  
  65  7:25  Marauder  
  65  7:27  Marine  
  69  7:31  Marine  
  70  7:45  Supply Depot x2  
  70  7:46  Supply Depot x3  
  70  7:48  Missile Turret  
  70  7:49  Supply Depot  
  70  7:52  Orbital Command  
  70  8:06  Marine x2  
  70  8:07  Widow Mine, SCV, Marauder  
  76  8:22  SCV x2  
  76  8:24  Marine  
  79  8:28  Widow Mine, Marauder, Missile Turret  
  79  8:34  SCV x2  
  83  8:50  Marauder  
  83  8:55  Marine x2  
  77  9:02  Sensor Tower  
  79  9:03  Starport Reactor, Terran Infantry Weapons Level 1  
  79  9:07  Widow Mine  
  81  9:11  Marauder  
  81  9:13  Marine x2  
  85  9:17  Concussive Shells  
  85  9:28  Widow Mine  
  85  9:31  Marine x2  
  87  9:33  Refinery, Marauder  
  91  9:39  Sensor Tower, Command Center  
  91  9:49  Marine x2  
  91  9:50  Command Center  
  91  9:52  Armory  
  93  9:54  Marauder  
  93  9:55  Refinery  
  93  9:59  SCV x2  
  95  10:06  Marine  
  95  10:07  Marine  
  96  10:11  SCV  
  96  10:12  SCV  
  96  10:13  Barracks x2  
  97  10:15  Barracks, Marauder  
  99  10:22  Siege Tank  
  99  10:23  SCV  
  99  10:24  Marine  
  104  10:37  Marauder  
  98  10:58  Marauder, Viking x2  
  104  11:24  Command Center  
  104  11:27  Command Center  
  104  11:28  Medivac, Viking  
  104  11:30  Barracks Reactor, Barracks Tech Lab  
  104  11:31  Barracks Tech Lab  
  108  11:36  Marauder  
  110  11:42  Command Center  
  110  11:56  Terran Infantry Armor Level 1  
  110  11:58  Supply Depot x2  
  110  11:59  Supply Depot  
  110  12:00  Supply Depot  
  110  12:01  Supply Depot  
  110  12:02  Engineering Bay  
  110  12:03  Supply Depot  
  110  12:04  Supply Depot  
  110  12:19  Marine x2, Siege Tank  
  110  12:20  Marauder, Medivac x2  
  121  12:25  Supply Depot  
  121  12:26  Supply Depot  
  121  12:29  Supply Depot  
  121  12:32  Marine, Supply Depot  
  121  12:33  Marauder x2, Marine  
  127  12:37  Marine x2  
  127  12:41  Marine  
  130  12:50  Medivac  
  132  12:54  Marauder x2  
  132  12:55  Marine x2  
  138  12:59  Marauder  
  140  13:09  Sensor Tower  
  140  13:10  Planetary Fortress  
  140  13:13  Orbital Command  
  140  13:17  SCV  
  140  13:18  SCV  
  142  13:30  SCV x2  
  143  13:42  SCV x2  
  145  13:54  SCV x2  
  108  14:05  Marauder x3  
  108  14:06  SCV  
  115  14:10  SCV x2  
  117  14:19  Missile Turret  
  117  14:22  Siege Tank  
  120  14:27  Marauder x3  
  124  14:48  Marauder x3  
  129  14:58  Siege Tank  
  131  15:07  Marine  
  131  15:08  Marine x3  
  131  15:09  Marauder  
  131  15:10  Marauder x2  
  131  15:31  Marauder  
  109  15:49  Marauder  
  66  15:50  Marauder, Marine x4  
  66  15:52  Marauder  
  55  16:07  Marine  
  55  16:08  Marine x3  
  55  16:10  Marauder  
  58  16:11  Marauder  
  58  16:14  Marauder  
  49  16:32  Marauder x2  
  42  16:35  Marauder  
Tags
 
Add a new tag
Caveats
  • Supply blocks, unpowered buildings, or Contaminate may cause inaccurate times.
  • Supply counts are checked every 10 seconds.